 Dungeon Crawl Stone Soup version 0.31-a0-532-g28f74ba3e5 (webtiles) character file.

Game seed: 15312456798838640509

1188 pokeman the Thaumaturge (level 8, -11/44 HPs)
             Began as a Deep Elf Hedge Wizard on Aug 12, 2023.
             Killed from afar by an acid dragon (19 damage)
             ... with a splash of acid
             ... on level 5 of the Dungeon.
             The game lasted 00:09:31 (4124 turns).

pokeman the Thaumaturge (Deep Elf Hedge Wizard)     Turns: 4124, Time: 00:09:32

Health: -11/44     AC:  4    Str:  7    XL:     8   Next: 19%
Magic:  15/23      EV: 13    Int: 22    God:
Gold:   277        SH:  0    Dex: 14    Spells: 16/25 levels left

rFire   . . .        g - +6 hand axe of Roun {spect, Fly rElec rC- rN+}
rCold   x . .        (no shield)
rNeg    + . .        b - +0 robe
rPois   .            m - +0 helmet
rElec   +            (no cloak)
rCorr   .            s - +0 pair of gloves
SInv    .            (no boots)
Will    .....        (no amulet)
Stlth   ++           u - ring of flight
HPRegen 0.27/turn    (no ring)
MPRegen 0.18/turn

%: no passive effects
@: on blink cooldown, flying
A: no striking features
a: no special abilities


You were on level 5 of the Dungeon.
You visited 2 branches of the dungeon, and saw 6 of its levels.

You collected 277 gold pieces.

Inventory:

Hand Weapons
 g - the +6 hand axe of Roun (weapon) {spect, Fly rElec rC- rN+}
   (You found it on level 2 of the Dungeon)

   rC-:       It makes you vulnerable to cold.
   rElec:     It insulates you from electricity.
   rN+:       It protects you from negative energy.
   Fly:       It grants you flight.
 t - the +8 dagger of Difeiren {freeze, rPois Will- Dex+4 Stlth+}
   (You found it on level 4 of the Dungeon)

   Dex+4:     It affects your dexterity (+4).
   rPois:     It protects you from poison Will-: It decreases your willpower.
   Stlth+:    It makes you more stealthy.
Missiles
 a - 2 throwing nets
Armour
 b - a +0 robe (worn)
 c - the +0 buckler "Covoipri" {Harm Int+4}
   (You found it on level 3 of the Dungeon)

   Int+4:     It affects your intelligence (+4).
   Harm:      It increases damage dealt and taken.
 m - a +0 helmet (worn)
 s - a +0 pair of gloves (worn)
Jewellery
 o - a ring of fire
 u - a ring of flight (left hand)
Wands
 x - a wand of roots (8)
Scrolls
 i - a scroll of teleportation {unknown}
 n - a scroll of noise {unknown}
 p - 2 scrolls of amnesia {unknown}
 q - a scroll of revelation {unknown}
 r - 2 scrolls of immolation {unknown}
 w - a scroll of enchant weapon {unknown}
Potions
 d - a potion of magic
 e - 2 potions of lignification {unknown}
 f - a potion of might {unknown}
 h - a potion of cancellation {unknown}
 j - a potion of brilliance {unknown}
 k - 3 potions of curing {unknown}
 l - a potion of heal wounds {unknown}
 v - a potion of resistance {unknown}


   Skills:
 - Level 2.1 Fighting
 - Level 2.0 Armour
 - Level 3.0 Dodging
 - Level 3.1 Stealth
 + Level 1.3 Shields
 * Level 9.2 Spellcasting
 + Level 4.7 Conjurations
 - Level 1.1 Summonings
 - Level 1.1 Translocations
 + Level 1.9 Fire Magic
 - Level 2.0 Air Magic
 - Level 1.0 Poison Magic
 - Level 1.0 Evocations


You had 16 spell levels left.
You knew the following spells:

 Your Spells              Type           Power      Damage    Failure   Level
a - Magic Dart            Conj           100%       1d8       1%          1
b - Mephitic Cloud        Conj/Pois/Air  21%        N/A       7%          3
c - Call Imp              Summ           30%        N/A       6%          2
d - Blink                 Tloc           30%        N/A       6%          2
e - Foxfire               Conj/Fire      96%        2x1d8     1%          1

Your spell library contained the following spells:

 Spells                   Type           Power      Damage    Failure   Level
 Slow                     Hex            40%        N/A       7%          1
 Cigotuvi's Dreadful Rot  Necr/Pois/Air  28%        N/A       7%          2
 Starburst                Conj/Fire      12%        6d5       95%         6
 Plasma Beam              Fire/Air       9%         2x1d19    99%         6


Dungeon Overview and Level Annotations

Branches:
Dungeon (5/15)             Temple (1/1) D:5

Altars:
Cheibriados
Elyvilon
Gozag
Kikubaaqudgha
Makhleb
Nemelex Xobeh
Okawaru
Qazlal
Sif Muna
Trog
Uskayaw
Xom
Yredelemnul
The Shining One

Shops:
D:5 [


Message History

You miscast Call Imp.
You are very lightly contaminated with residual magic.
Nothing appears to happen.
Casting: Call Imp (safe; 6% risk of failure)
Confirm with . or Enter, or press ? or * to list all spells.
A tiny devil pulls itself out of the air.
Unknown command.
The acid dragon bites you. The acid dragon misses you.
There is a staircase to the Ecumenical Temple here.
You hit the acid dragon.
The acid dragon is lightly wounded.
Your +6 hand axe of Roun {spect, Fly rElec rC- rN+} closely misses the acid dragon.
The acid dragon bites you but does no damage.
The acid dragon claws you.
Unknown command.
You closely miss the acid dragon.
The acid dragon is lightly wounded.
Your +6 hand axe of Roun {spect, Fly rElec rC- rN+} barely misses the acid dragon.
Your cerulean imp closely misses the acid dragon.
The acid dragon spits acid at you. The splash of acid hits you!!
Ouch! That really hurt!
A jelly comes into view.
Your cerulean imp closely misses the acid dragon.
The acid dragon bites you.
* * * LOW HITPOINT WARNING * * *
The acid dragon claws you.
* * * LOW HITPOINT WARNING * * *
Casting: Call Imp (safe; 6% risk of failure)
Confirm with . or Enter, or press ? or * to list all spells.
You blink.
Your +6 hand axe of Roun {spect, Fly rElec rC- rN+} disappears.
Your cerulean imp completely misses the acid dragon.
Unknown command.
Your cerulean imp barely misses the acid dragon.
Your magical contamination has completely faded away.
Your cerulean imp hits the acid dragon from afar with a -3 spear.
The acid dragon spits acid at you. The splash of acid hits you!!
You die...

####### #...... ### #.#####
..# #.# #.# #.# #.# # ###@###
# .. #.....#### . ...
#........# #. .... #......#.#
###.# ..... ###....#.# #
......
(..$..##.D....#...######...##
......J.)ยง..#####...
........ ......##J.5...#...##
###...#. $.... ###....#...#
#..###


You could see an acid dragon (catching breath, ally target), a jelly and a
friendly cerulean imp (summoned).

Vanquished Creatures
  Grinder (D:3)
  The ghost of webuiltaworld the Insei, an amateur DsSh (D:4)
  A black bear (D:4)
  A centaur (D:5)
  2 phantoms
  Blork the orc (D:5)
  A scorpion (D:4)
  A water moccasin zombie (D:4)
  2 hounds (D:4)
  A jelly (D:5)
  2 iguanas (D:5)
  2 orc wizards (D:4)
  A hound zombie (D:4)
  A gnoll (D:4)
  2 adders
  An ufetubus (D:5)
  A worm (D:4)
  4 dart slugs
  11 orcs
  11 ball pythons
  3 endoplasms
  A giant cockroach (D:3)
  9 goblins
  7 hobgoblins
  4 jackals (D:3)
  5 quokkas
  3 bats (D:3)
  3 frilled lizards
  7 kobolds
  4 rats
94 creatures vanquished.

Vanquished Creatures (collateral kills)
  An iguana (D:4)
  A sleepcap (D:4)
2 creatures vanquished.

Vanquished Creatures (others)
  A human (D:4)
  106 foxfires
107 creatures vanquished.

Grand Total: 203 creatures vanquished

Notes
Turn   | Place    | Note
-------+----------+-------------------------------------------
     0 | D:1      | pokeman the Deep Elf Hedge Wizard began the quest for the
                  | Orb.
     0 | D:1      | Reached XP level 1. HP: 10/10 MP: 7/7
    21 | D:1      | Learned a level 1 spell: Foxfire
   256 | D:1      | Reached XP level 2. HP: 15/15 MP: 9/9
   759 | D:1      | You fall into a shaft and drop 1 floor!
   984 | D:2      | Identified the +6 hand axe of Roun {spect, Fly rElec rC-
                  | rN+}
  1469 | D:3      | Reached skill level 5 in Spellcasting
  1610 | D:3      | Reached XP level 3. HP: 16/20 MP: 6/11
  1679 | D:3      | Learned a level 3 spell: Mephitic Cloud
  1682 | D:3      | Learned a level 2 spell: Call Imp
  1685 | D:3      | Learned a level 2 spell: Blink
  1808 | D:3      | Noticed Grinder
  1846 | D:3      | Paralysed by Grinder for 5 turns
  1861 | D:3      | Paralysed by Grinder for 2 turns
  1973 | D:3      | Identified the +0 buckler "Covoipri" {Harm Int+4}
  1977 | D:3      | Paralysed by Grinder for 4 turns
  1995 | D:3      | Paralysed by Grinder for 3 turns
  2004 | D:3      | Paralysed by Grinder for 2 turns
  2016 | D:3      | Killed Grinder
  2017 | D:3      | Reached skill level 1 in Fighting
  2017 | D:3      | Reached skill level 1 in Armour
  2017 | D:3      | Reached skill level 6 in Spellcasting
  2017 | D:3      | Reached XP level 4. HP: 26/26 MP: 0/14
  2017 | D:3      | Reached XP level 5. HP: 30/30 MP: 0/16
  2504 | D:4      | Noticed a black bear
  2512 | D:4      | Killed a black bear
  2513 | D:4      | Reached skill level 7 in Spellcasting
  2513 | D:4      | Reached XP level 6. HP: 33/35 MP: 12/18
  2530 | D:4      | Found a stormy altar of Qazlal.
  2533 | D:4      | Reached skill level 1 in Shields
  2672 | D:4      | Reached skill level 1 in Poison Magic
  2782 | D:4      | Reached XP level 7. HP: 29/39 MP: 20/20
  2827 | D:4      | Found an ancient bone altar of Kikubaaqudgha.
  2837 | D:4      | Noticed a human
  2838 | D:4      | Killed a human
  2868 | D:4      | Identified the +8 dagger of Difeiren {freeze, rPois Will-
                  | Dex+4 Stlth+}
  2908 | D:4      | Reached skill level 1 in Fire Magic
  2915 | D:4      | Reached skill level 8 in Spellcasting
  2915 | D:4      | Reached skill level 1 in Air Magic
  3008 | D:4      | Found a runed translucent gate.
  3009 | D:4      | Found a runed translucent gate.
  3009 | D:4      | Noticed webuiltaworld's ghost (amateur DsSh)
  3010 | D:4      | Found a runed translucent gate.
  3012 | D:4      | Found a basalt altar of Yredelemnul.
  3080 | D:4      | Killed webuiltaworld's ghost
  3490 | D:5      | Entered Level 5 of the Dungeon
  3751 | D:5      | Found Maqa's Antique Armour Emporium.
  3793 | D:5      | Reached XP level 8. HP: 26/44 MP: 16/22
  3888 | D:5      | Reached skill level 9 in Spellcasting
  4083 | D:5      | Found a staircase to the Ecumenical Temple.
  4085 | D:5      | Noticed Blork the orc
  4090 | Temple   | Entered the Ecumenical Temple
  4101 | D:5      | Killed Blork the orc
  4102 | D:5      | Reached skill level 1 in Evocations
  4124 | D:5      | Killed from afar by an acid dragon

Illustrated notes

Levels and vault maps discovered:
D:1:      dpeg_arrival_orchard, layout_loops_ring
D:2:      layout_loops_ring
D:3:      layout_loops_ring, uniq_grinder
D:4:      layout_cave_pools, mainiacjoe_overflow_catwalk,
          nicolae_yredelemnul_ghost_church, tgw_kikubaaqudgha, st_stairs_11,
          minmay_three_crescents
D:5:      corexii_shack_village, layout_loops_corners,
          minmay_temple_entry_butterflies, serial_shops,
          nicolae_shop_overgrown_old_shop, minmay_manual_monstrance,
          uniq_blork_the_orc
Temple:   grunt_temple_mini_profane

Skill      XL: |  1  2  3  4  5  6  7  8 |
---------------+-------------------------+-----
Spellcasting   | 5 6 7 8 9 |  9.2
Fighting       | 1 2 |  2.1
Armour         | 1 2 |  2.0
Conjurations   | 2 3 4 |  4.7
Dodging        | 3 |  3.0
Shields        | 1 |  1.3
Stealth        | 3 |  3.1
Poison Magic   | 1 |  1.0
Fire Magic     | 1 |  1.9
Air Magic      | 2 |  2.0
Evocations     | 1 |  1.0
Summonings     | |  1.1
Translocations | |  1.1

Action                     |  1- 3 |  4- 6 |  7- 9 || total
---------------------------+-------+-------+-------++-------
  Melee: Dagger            |     2 |       |       ||     2
         Hand axe          |    12 |    37 |    79 ||   128
         Punch             |       |     1 |     1 ||     2
   Cast: Foxfire           |    64 |     3 |       ||    67
         Call Imp          |     2 |     1 |     4 ||     7
         Blink             |     2 |       |     2 ||     4
         Mephitic Cloud    |       |     3 |     5 ||     8
         Magic Dart        |       |       |    16 ||    16
   Stab: Sleeping          |     1 |     2 |       ||     3
         Confused          |       |     2 |     3 ||     5
         Distracted        |       |       |     1 ||     1
 Armour: Robe              |     4 |     3 |    13 ||    20
  Dodge: Dodged            |    10 |    18 |    46 ||    74

Table legend: (Time is in decaauts)
 A = Elapsed time spent in this place.
 B = Non-inter-level travel time spent in this place.
 C = Inter-level travel time spent in this place.
 D = Time resting spent in this place.
 E = Time spent auto-exploring this place.
 F = Levels seen in this place.
 G = Mean time per level.
                   A        B        C        D        E       F      G
               +--------+--------+--------+--------+--------+-----+--------+
         Total |   4160 |   4086 |     74 |    112 |   3271 |   6 |  693.3 |
       Dungeon |   4158 |   4084 |     74 |    112 |   3271 |   5 |  831.6 |
        Temple |      1 |      1 |      0 |      0 |      0 |   1 |    1.0 |
               +--------+--------+--------+--------+--------+-----+--------+

Top non-repeatable levels by time:
     D:3: 1032 daAuts
     D:4: 1022 daAuts
     D:1: 759 daAuts
     D:2: 702 daAuts
     D:5: 641 daAuts
  Temple: 1 daAuts
